[ AOE2 MATCH · #459490366 ]
UnrankedTurks vs Burgundians
[ REPLAY ANALYSIS · EXTRACTED FROM THE RECORDED GAME ]
Feudal
14:11
Castle
17:47
Imperial
43:56
| APM avg | 40.6 |
| APM peak | 77 |
| eAPM avg | 29.2 |
| Villagers / military | 334 / 295 |
Focus
⚔️ 27.7% · 🌾 72.3%
Camel Scout ×251 · Janissary ×20 · Fishing Ship ×12 · Bombard Cannon ×11 · Mangonel ×6 · Monk ×3
Feudal
14:04
Castle
18:02
Imperial
37:30
| APM avg | 44.0 |
| APM peak | 82 |
| eAPM avg | 23.1 |
| Villagers / military | 251 / 143 |
Focus
⚔️ 32.1% · 🌾 67.9%
Knight ×71 · Genoese Crossbowman ×59 · Fishing Ship ×13 · Fire Galley ×7 · Scout Cavalry ×3 · Trebuchet (Packed) ×2
Feudal
12:42
Castle
23:01
Imperial
38:06
| APM avg | 54.3 |
| APM peak | 86 |
| eAPM avg | 36.0 |
| Villagers / military | 183 / 470 |
Focus
⚔️ 56.6% · 🌾 43.4%
Coustillier ×426 · Galley ×32 · Unknown (2626) ×21 · Fishing Ship ×19 · Trebuchet (Packed) ×6 · Monk ×3
Feudal
13:03
Castle
17:24
Imperial
32:30
| APM avg | 40.7 |
| APM peak | 74 |
| eAPM avg | 25.2 |
| Villagers / military | 189 / 348 |
Focus
⚔️ 45.1% · 🌾 54.9%
Cavalry Archer ×157 · Scout Cavalry ×98 · Tarkan ×63 · Fishing Ship ×20 · Unknown (2626) ×17 · Fire Galley ×11
Feudal
13:14
Castle
18:20
Imperial
38:51
| APM avg | 36.8 |
| APM peak | 61 |
| eAPM avg | 23.6 |
| Villagers / military | 180 / 360 |
Focus
⚔️ 43.3% · 🌾 56.7%
Spearman ×174 · Scorpion ×85 · Centurion ×47 · Scout Cavalry ×20 · Trebuchet (Packed) ×10 · Battering Ram ×9
Feudal
12:52
Castle
16:22
Imperial
39:15
| APM avg | 35.6 |
| APM peak | 72 |
| eAPM avg | 25.4 |
| Villagers / military | 199 / 325 |
Focus
⚔️ 41.8% · 🌾 58.2%
Gbeto ×217 · Scout Cavalry ×93 · Fishing Ship ×15 · Trebuchet (Packed) ×8 · Mangonel ×3 · Bombard Cannon ×2
Feudal
13:28
Castle
30:57
Imperial
46:40
| APM avg | 26.2 |
| APM peak | 52 |
| eAPM avg | 16.2 |
| Villagers / military | 200 / 61 |
Focus
⚔️ 28.7% · 🌾 71.3%
Cavalry Archer ×34 · Skirmisher ×22 · Fishing Ship ×8 · Steppe Lancer ×5
Feudal
13:30
Castle
17:03
Imperial
36:47
| APM avg | 41.2 |
| APM peak | 71 |
| eAPM avg | 31.1 |
| Villagers / military | 328 / 32 |
Focus
⚔️ 22.7% · 🌾 77.3%
Unknown (1949) ×71 · Fishing Ship ×31 · Scout Cavalry ×20 · Unknown (2626) ×7 · Monk ×5 · Mangonel ×5
Match map
Initial resources + every placement click. Lines = walls · curves = elevation contours. ◆ gold · ⬟ stone · ● berries · ✦ relic · ◌ wall gap
Your base· Open — 5t gap
[TNT] A22's base· Open — 13t gap
Felipondio_2k's base· Open — 6t gap
Maho's base· Open — 11t gap
Valen's base· Open — 8t gap
Glokken's base· Open — 9t gap
Virtus | el castigador's base· Open — 4t gap
[CL] Yomi's base· Open — 5t gap
Smoothed initial terrain · ◌ = detected wall gap · hover for details
Inputs per minute
— 弩伯曲肯 - - [TNT] A22
Build order — 弩伯曲肯
First 150 of 870 actions detected
| 0:10 | Build | House |
| 0:29 | Build | Town Center |
| 1:20 | Build | House |
| 2:22 | Build | Dock |
| 2:47 | Create | Villager (Male) |
| 2:47 | Create | Villager (Male) |
| 2:48 | Create | Villager (Male) |
| 2:50 | Create | Villager (Male) |
| 2:51 | Create | Villager (Male) |
| 4:27 | Create | Villager (Male) |
| 4:28 | Create | Villager (Male) |
| 4:31 | Build | House |
| 4:52 | Create | Villager (Male) |
| 4:53 | Create | Villager (Male) |
| 5:19 | Create | Villager (Male) |
| 5:22 | Create | Fishing Ship |
| 5:22 | Create | Fishing Ship |
| 5:42 | Create | Villager (Male) |
| 5:51 | Build | House |
| 6:14 | Create | Villager (Male) |
| 6:27 | Create | Fishing Ship |
| 6:43 | Create | Villager (Male) |
| 6:43 | Create | Villager (Male) |
| 6:57 | Create | Fishing Ship |
| 6:57 | Create | Fishing Ship |
| 7:04 | Create | Villager (Male) |
| 7:29 | Create | Fishing Ship |
| 7:38 | Create | Villager (Male) |
| 7:39 | Create | Villager (Male) |
| 7:52 | Create | Fishing Ship |
| 7:53 | Create | Fishing Ship |
| 8:01 | Build | House |
| 8:02 | Create | Villager (Male) |
| 8:02 | Create | Villager (Male) |
| 8:28 | Create | Villager (Male) |
| 8:36 | Create | Fishing Ship |
| 8:37 | Create | Fishing Ship |
| 8:49 | Build | House |
| 8:53 | Create | Villager (Male) |
| 9:04 | Build | House |
| 9:15 | Create | Villager (Male) |
| 9:16 | Create | Villager (Male) |
| 9:18 | Build | House |
| 9:25 | Create | Villager (Male) |
| 9:48 | Build | Palisade Wall |
| 9:50 | Build | Palisade Wall |
| 9:56 | Create | Villager (Male) |
| 9:57 | Create | Fishing Ship |
| 10:03 | Build | Palisade Wall |
| 10:04 | Build | Palisade Wall |
| 10:04 | Build | Palisade Wall |
| 10:32 | Build | Palisade Wall |
| 10:43 | Build | Mill |
| 11:03 | Create | Villager (Male) |
| 11:08 | Create | Fishing Ship |
| 11:28 | Research | Loom |
| 11:37 | Research | Feudal Age |
| 12:00 | Build | Mining Camp |
| 12:40 | Build | Palisade Wall |
| 12:53 | Create | Villager (Male) |
| 12:53 | Create | Villager (Male) |
| 14:11 | Age | Feudal Age |
| 14:14 | Build | Market |
| 14:17 | Build | Blacksmith |
| 15:07 | Research | Castle Age |
| 15:07 | Research | Castle Age |
| 15:52 | Build | Mining Camp |
| 16:46 | Build | Lumber Camp |
| 16:52 | Create | Villager (Male) |
| 16:53 | Create | Villager (Male) |
| 17:18 | Research | Double-Bit Axe |
| 17:47 | Age | Castle Age |
| 17:49 | Create | Villager (Male) |
| 18:25 | Build | Castle |
| 18:33 | Build | Farm |
| 18:35 | Build | Farm |
| 18:42 | Research | Horse Collar |
| 18:42 | Research | Horse Collar |
| 18:51 | Create | Villager (Male) |
| 18:57 | Create | Villager (Male) |
| 19:19 | Create | Villager (Male) |
| 19:36 | Create | Janissary |
| 19:36 | Create | Janissary |
| 19:44 | Create | Villager (Male) |
| 19:46 | Build | Farm |
| 19:59 | Create | Janissary |
| 19:59 | Create | Janissary |
| 20:20 | Create | Janissary |
| 20:20 | Create | Janissary |
| 20:35 | Create | Villager (Male) |
| 21:02 | Create | Villager (Male) |
| 21:10 | Build | Siege Workshop |
| 21:17 | Create | Villager (Male) |
| 21:20 | Create | Janissary |
| 21:20 | Create | Janissary |
| 21:52 | Create | Villager (Male) |
| 21:52 | Create | Villager (Male) |
| 22:08 | Create | Mangonel |
| 22:09 | Create | Mangonel |
| 22:18 | Build | Farm |
| 22:23 | Create | Villager (Male) |
| 22:28 | Create | Villager (Male) |
| 22:29 | Create | Villager (Male) |
| 22:39 | Build | Farm |
| 22:48 | Build | House |
| 22:56 | Build | Palisade Wall |
| 23:03 | Build | Palisade Wall |
| 23:05 | Build | Palisade Wall |
| 23:12 | Build | Palisade Wall |
| 23:17 | Build | Palisade Wall |
| 23:17 | Create | Janissary |
| 23:18 | Create | Janissary |
| 23:18 | Create | Janissary |
| 23:29 | Build | Palisade Wall |
| 23:33 | Build | Palisade Wall |
| 23:42 | Create | Villager (Male) |
| 23:46 | Build | Farm |
| 23:46 | Build | Farm |
| 23:47 | Build | Farm |
| 23:47 | Build | Farm |
| 23:47 | Build | Farm |
| 23:47 | Build | Farm |
| 24:03 | Create | Villager (Male) |
| 24:03 | Create | Villager (Male) |
| 24:31 | Build | House |
| 24:32 | Build | House |
| 24:32 | Create | Villager (Male) |
| 24:37 | Create | Janissary |
| 24:38 | Create | Janissary |
| 24:38 | Create | Janissary |
| 25:00 | Create | Villager (Male) |
| 25:00 | Create | Villager (Male) |
| 25:10 | Create | Villager (Male) |
| 25:28 | Create | Villager (Male) |
| 25:30 | Build | Town Center |
| 25:31 | Create | Villager (Male) |
| 25:34 | Build | House |
| 25:35 | Build | House |
| 25:53 | Research | Padded Archer Armor |
| 25:53 | Research | Padded Archer Armor |
| 26:24 | Create | Villager (Male) |
| 26:25 | Create | Villager (Male) |
| 26:28 | Create | Mangonel |
| 26:28 | Create | Mangonel |
| 26:29 | Create | Janissary |
| 26:29 | Create | Janissary |
| 26:33 | Create | Villager (Male) |
| 26:46 | Create | Villager (Male) |
| 26:55 | Create | Villager (Male) |
| 27:06 | Build | Monastery |
Build order — [TNT] A22
First 150 of 636 actions detected
| 0:06 | Build | Town Center |
| 0:26 | Build | Dock |
| 0:28 | Build | House |
| 2:29 | Create | Villager (Male) |
| 2:29 | Create | Villager (Male) |
| 2:29 | Create | Villager (Male) |
| 2:29 | Create | Villager (Male) |
| 2:30 | Create | Villager (Male) |
| 2:47 | Build | Palisade Wall |
| 2:49 | Build | Palisade Wall |
| 3:39 | Create | Villager (Male) |
| 3:39 | Create | Villager (Male) |
| 4:09 | Create | Fishing Ship |
| 4:16 | Build | House |
| 4:41 | Create | Villager (Male) |
| 4:41 | Create | Villager (Male) |
| 5:05 | Create | Fishing Ship |
| 5:08 | Create | Villager (Male) |
| 5:08 | Create | Villager (Male) |
| 5:45 | Create | Villager (Male) |
| 5:46 | Create | Villager (Male) |
| 5:55 | Build | House |
| 5:58 | Create | Fishing Ship |
| 5:58 | Create | Fishing Ship |
| 6:09 | Create | Villager (Male) |
| 6:09 | Create | Villager (Male) |
| 6:26 | Create | Villager (Male) |
| 6:26 | Create | Villager (Male) |
| 6:34 | Build | Palisade Wall |
| 6:44 | Create | Fishing Ship |
| 6:47 | Create | Villager (Male) |
| 6:47 | Create | Villager (Male) |
| 7:13 | Create | Fishing Ship |
| 7:27 | Create | Villager (Male) |
| 7:28 | Create | Villager (Male) |
| 7:28 | Create | Villager (Male) |
| 7:29 | Create | Villager (Male) |
| 7:29 | Create | Villager (Male) |
| 7:50 | Create | Fishing Ship |
| 7:50 | Create | Villager (Male) |
| 8:00 | Build | House |
| 8:17 | Create | Villager (Male) |
| 8:24 | Create | Villager (Male) |
| 8:30 | Create | Fishing Ship |
| 8:30 | Create | Villager (Male) |
| 8:45 | Build | House |
| 8:47 | Create | Villager (Male) |
| 8:48 | Create | Villager (Male) |
| 8:48 | Create | Villager (Male) |
| 8:48 | Create | Fishing Ship |
| 9:17 | Create | Villager (Male) |
| 9:18 | Create | Fishing Ship |
| 9:20 | Create | Villager (Male) |
| 9:34 | Build | Mill |
| 9:53 | Create | Fishing Ship |
| 10:02 | Create | Villager (Male) |
| 10:24 | Create | Villager (Male) |
| 10:31 | Build | House |
| 10:34 | Create | Villager (Male) |
| 10:59 | Build | Mining Camp |
| 11:02 | Create | Villager (Male) |
| 11:05 | Build | House |
| 11:07 | Build | House |
| 11:15 | Create | Villager (Male) |
| 11:39 | Research | Feudal Age |
| 12:23 | Build | Dock |
| 12:52 | Build | House |
| 12:53 | Build | House |
| 13:03 | Build | Dock |
| 13:21 | Create | Villager (Male) |
| 13:22 | Create | Villager (Male) |
| 14:04 | Age | Feudal Age |
| 14:13 | Build | House |
| 14:18 | Build | Market |
| 14:21 | Build | Blacksmith |
| 14:37 | Build | Palisade Wall |
| 14:57 | Create | Villager (Male) |
| 15:05 | Build | Mining Camp |
| 15:11 | Build | Palisade Wall |
| 15:12 | Build | Palisade Wall |
| 15:14 | Build | Palisade Wall |
| 15:16 | Research | Castle Age |
| 15:38 | Build | Lumber Camp |
| 15:53 | Build | Palisade Wall |
| 16:00 | Research | Fletching |
| 16:00 | Research | Fletching |
| 16:03 | Create | Villager (Male) |
| 16:18 | Build | Palisade Wall |
| 16:31 | Build | Outpost |
| 16:45 | Build | Stone Wall |
| 16:52 | Build | Stone Wall |
| 16:57 | Research | Double-Bit Axe |
| 16:58 | Research | Double-Bit Axe |
| 17:06 | Research | Town Watch |
| 17:07 | Research | Loom |
| 17:28 | Build | Outpost |
| 18:02 | Age | Castle Age |
| 18:05 | Build | Dock |
| 18:13 | Research | War Galley (upgrade) |
| 18:22 | Create | Villager (Male) |
| 18:53 | Build | Castle |
| 19:05 | Create | Villager (Male) |
| 19:08 | Create | Fire Galley |
| 19:08 | Create | Fire Galley |
| 19:20 | Research | Bow Saw |
| 19:20 | Research | Bow Saw |
| 19:21 | Research | Bodkin Arrow |
| 19:22 | Research | Bodkin Arrow |
| 19:23 | Create | Villager (Male) |
| 19:32 | Research | Gold Mining |
| 19:33 | Research | Gold Mining |
| 19:33 | Create | Villager (Male) |
| 19:34 | Create | Villager (Male) |
| 19:34 | Create | Villager (Male) |
| 19:53 | Build | House |
| 19:58 | Build | House |
| 20:15 | Create | Villager (Male) |
| 20:16 | Create | Genoese Crossbowman |
| 20:17 | Create | Genoese Crossbowman |
| 20:25 | Create | Villager (Male) |
| 20:28 | Create | Genoese Crossbowman |
| 20:28 | Create | Genoese Crossbowman |
| 20:42 | Create | Fire Galley |
| 20:51 | Create | Genoese Crossbowman |
| 20:51 | Create | Genoese Crossbowman |
| 20:52 | Create | Villager (Male) |
| 20:53 | Create | Villager (Male) |
| 20:53 | Create | Villager (Male) |
| 21:02 | Create | Genoese Crossbowman |
| 21:02 | Create | Genoese Crossbowman |
| 21:22 | Create | Fire Galley |
| 21:30 | Create | Fire Galley |
| 21:35 | Create | Villager (Male) |
| 21:35 | Create | Genoese Crossbowman |
| 21:36 | Create | Genoese Crossbowman |
| 21:59 | Create | Villager (Male) |
| 22:08 | Build | Barracks |
| 22:17 | Create | Villager (Male) |
| 22:21 | Create | Fire Galley |
| 22:22 | Create | Fire Galley |
| 22:27 | Create | Villager (Male) |
| 22:40 | Create | Villager (Male) |
| 22:42 | Build | Town Center |
| 22:47 | Create | Villager (Male) |
| 23:14 | Create | Villager (Male) |
| 23:21 | Create | Fishing Ship |
| 23:22 | Create | Fishing Ship |
| 23:32 | Build | Stable |
| 23:36 | Build | Stable |
| 23:41 | Research | Horse Collar |
Build order — Felipondio_2k
First 150 of 883 actions detected
| 0:11 | Build | Town Center |
| 0:29 | Build | Palisade Wall |
| 0:33 | Build | Palisade Wall |
| 0:37 | Build | Palisade Wall |
| 0:37 | Build | Palisade Wall |
| 1:40 | Build | Dock |
| 1:50 | Build | House |
| 2:33 | Create | Villager (Male) |
| 2:34 | Create | Villager (Male) |
| 2:34 | Create | Villager (Male) |
| 2:34 | Create | Villager (Male) |
| 2:35 | Create | Villager (Male) |
| 3:32 | Create | Fishing Ship |
| 3:33 | Create | Fishing Ship |
| 4:19 | Research | Loom |
| 4:32 | Create | Fishing Ship |
| 4:45 | Create | Villager (Male) |
| 5:04 | Create | Fishing Ship |
| 5:04 | Create | Fishing Ship |
| 5:13 | Build | House |
| 5:30 | Create | Fishing Ship |
| 5:57 | Create | Villager (Male) |
| 5:58 | Create | Fishing Ship |
| 6:34 | Create | Villager (Male) |
| 6:34 | Create | Villager (Male) |
| 6:52 | Create | Fishing Ship |
| 6:53 | Create | Fishing Ship |
| 6:58 | Build | House |
| 7:03 | Create | Villager (Male) |
| 7:03 | Create | Villager (Male) |
| 7:22 | Create | Fishing Ship |
| 7:27 | Build | House |
| 7:30 | Create | Villager (Male) |
| 8:04 | Build | House |
| 8:15 | Create | Villager (Male) |
| 8:17 | Create | Fishing Ship |
| 8:20 | Build | House |
| 8:48 | Create | Villager (Male) |
| 8:52 | Create | Fishing Ship |
| 9:18 | Create | Villager (Male) |
| 9:19 | Create | Fishing Ship |
| 9:35 | Build | Lumber Camp |
| 9:44 | Create | Villager (Male) |
| 10:32 | Research | Feudal Age |
| 10:32 | Research | Feudal Age |
| 10:54 | Build | Mining Camp |
| 11:00 | Research | Double-Bit Axe |
| 11:01 | Research | Double-Bit Axe |
| 11:39 | Build | Dock |
| 12:22 | Build | Dock |
| 12:31 | Create | Villager (Male) |
| 12:31 | Create | Villager (Male) |
| 12:42 | Age | Feudal Age |
| 12:44 | Create | Galley |
| 12:48 | Create | Galley |
| 13:12 | Create | Galley |
| 13:13 | Create | Villager (Male) |
| 13:14 | Create | Villager (Male) |
| 13:35 | Create | Galley |
| 13:35 | Create | Galley |
| 13:38 | Build | House |
| 13:49 | Research | Bow Saw |
| 14:16 | Create | Galley |
| 14:17 | Create | Galley |
| 14:17 | Create | Galley |
| 14:26 | Create | Villager (Male) |
| 14:48 | Create | Galley |
| 14:48 | Create | Galley |
| 14:49 | Create | Villager (Male) |
| 14:49 | Create | Villager (Male) |
| 14:52 | Build | House |
| 14:52 | Build | House |
| 15:04 | Research | Wheelbarrow |
| 15:26 | Create | Galley |
| 15:26 | Create | Galley |
| 15:47 | Create | Villager (Male) |
| 15:50 | Create | Galley |
| 15:51 | Create | Galley |
| 16:06 | Create | Villager (Male) |
| 16:06 | Create | Villager (Male) |
| 16:24 | Create | Galley |
| 16:24 | Create | Galley |
| 16:42 | Create | Villager (Male) |
| 17:06 | Create | Villager (Male) |
| 17:34 | Create | Villager (Male) |
| 17:39 | Build | Mill |
| 17:42 | Build | House |
| 17:43 | Build | House |
| 17:43 | Build | House |
| 17:43 | Build | House |
| 17:54 | Create | Galley |
| 18:05 | Build | Blacksmith |
| 18:17 | Create | Fishing Ship |
| 18:18 | Create | Fishing Ship |
| 18:18 | Create | Fishing Ship |
| 18:18 | Create | Fishing Ship |
| 18:44 | Build | Market |
| 18:45 | Create | Villager (Male) |
| 19:12 | Create | Villager (Male) |
| 19:17 | Build | Lumber Camp |
| 19:26 | Create | Villager (Male) |
| 19:26 | Create | Villager (Male) |
| 19:53 | Create | Transport Ship |
| 19:53 | Create | Transport Ship |
| 19:55 | Create | Villager (Male) |
| 20:21 | Research | Castle Age |
| 20:21 | Research | Castle Age |
| 20:40 | Create | Unit 2626 |
| 20:40 | Create | Unit 2626 |
| 20:41 | Create | Unit 2626 |
| 20:43 | Create | Unit 2626 |
| 21:05 | Build | Dock |
| 21:10 | Research | Gold Mining |
| 21:11 | Research | Horse Collar |
| 21:48 | Create | Unit 2626 |
| 21:48 | Create | Unit 2626 |
| 21:57 | Build | House |
| 22:01 | Create | Galley |
| 22:01 | Create | Galley |
| 22:01 | Create | Galley |
| 22:02 | Create | Villager (Male) |
| 22:21 | Research | Fletching |
| 22:22 | Research | Fletching |
| 23:01 | Age | Castle Age |
| 23:06 | Research | War Galley (upgrade) |
| 23:10 | Create | Unit 2626 |
| 23:10 | Create | Unit 2626 |
| 23:13 | Create | Villager (Male) |
| 23:19 | Build | Town Center |
| 23:23 | Build | Town Center |
| 24:00 | Create | Villager (Male) |
| 24:00 | Create | Villager (Male) |
| 24:01 | Research | Two-Man Saw |
| 24:03 | Research | Heavy Plow |
| 24:03 | Create | Villager (Male) |
| 24:14 | Create | Villager (Male) |
| 24:22 | Create | Fishing Ship |
| 24:23 | Create | Fishing Ship |
| 24:39 | Create | Villager (Male) |
| 24:40 | Create | Villager (Male) |
| 24:54 | Create | Galley |
| 24:54 | Create | Galley |
| 24:54 | Create | Galley |
| 25:02 | Create | Galley |
| 25:03 | Create | Villager (Male) |
| 25:04 | Create | Villager (Male) |
| 25:05 | Create | Villager (Male) |
| 25:15 | Create | Villager (Male) |
| 25:39 | Create | Galley |
| 25:39 | Create | Galley |
Build order — Maho
First 150 of 787 actions detected
| 0:29 | Build | Town Center |
| 2:40 | Create | Villager (Male) |
| 2:40 | Create | Villager (Male) |
| 2:40 | Create | Villager (Male) |
| 2:40 | Create | Villager (Male) |
| 2:41 | Create | Villager (Male) |
| 4:21 | Create | Villager (Male) |
| 4:51 | Build | Dock |
| 5:00 | Create | Villager (Male) |
| 5:20 | Create | Villager (Male) |
| 5:20 | Create | Villager (Male) |
| 5:35 | Create | Fishing Ship |
| 6:04 | Create | Villager (Male) |
| 6:27 | Create | Fishing Ship |
| 6:41 | Create | Villager (Male) |
| 7:00 | Create | Villager (Male) |
| 7:07 | Create | Fishing Ship |
| 7:31 | Create | Villager (Male) |
| 7:50 | Create | Fishing Ship |
| 7:50 | Create | Villager (Male) |
| 8:15 | Create | Villager (Male) |
| 8:23 | Create | Villager (Male) |
| 8:37 | Create | Fishing Ship |
| 8:37 | Create | Villager (Male) |
| 9:06 | Create | Fishing Ship |
| 9:24 | Create | Villager (Male) |
| 9:33 | Create | Villager (Male) |
| 9:43 | Build | Mining Camp |
| 9:44 | Create | Villager (Male) |
| 9:46 | Create | Villager (Male) |
| 10:20 | Create | Fishing Ship |
| 10:41 | Create | Fishing Ship |
| 10:53 | Research | Feudal Age |
| 11:11 | Build | Mill |
| 11:55 | Build | Lumber Camp |
| 12:02 | Create | Villager (Male) |
| 12:35 | Create | Villager (Male) |
| 13:03 | Age | Feudal Age |
| 13:06 | Build | Market |
| 13:11 | Research | Double-Bit Axe |
| 13:50 | Create | Villager (Male) |
| 13:53 | Build | Blacksmith |
| 14:19 | Create | Villager (Male) |
| 14:34 | Build | Barracks |
| 14:39 | Research | Castle Age |
| 15:09 | Research | Gold Mining |
| 15:23 | Build | Archery Range |
| 15:31 | Build | Archery Range |
| 15:36 | Create | Villager (Male) |
| 15:54 | Build | Archery Range |
| 16:03 | Create | Spearman |
| 16:05 | Build | Lumber Camp |
| 16:29 | Create | Fire Galley |
| 16:35 | Research | Loom |
| 17:07 | Create | Villager (Male) |
| 17:24 | Age | Castle Age |
| 17:26 | Research | Bow Saw |
| 17:37 | Create | Villager (Male) |
| 17:50 | Build | Town Center |
| 18:00 | Create | Villager (Male) |
| 18:08 | Research | Wheelbarrow |
| 18:21 | Create | Spearman |
| 18:22 | Create | Villager (Male) |
| 18:22 | Create | Villager (Male) |
| 18:34 | Research | War Galley (upgrade) |
| 18:49 | Create | Fire Galley |
| 19:12 | Build | Dock |
| 19:25 | Create | Demolition Raft |
| 19:42 | Create | Fire Galley |
| 19:50 | Create | Villager (Male) |
| 20:06 | Create | Villager (Male) |
| 20:13 | Build | Town Center |
| 20:28 | Create | Villager (Male) |
| 20:49 | Create | Villager (Male) |
| 20:53 | Create | Villager (Male) |
| 20:53 | Create | Villager (Male) |
| 21:02 | Create | Fire Galley |
| 21:02 | Create | Fire Galley |
| 21:09 | Create | Spearman |
| 21:17 | Build | Farm |
| 21:18 | Build | Farm |
| 21:19 | Build | Farm |
| 21:21 | Build | Farm |
| 21:29 | Create | Spearman |
| 21:39 | Create | Fishing Ship |
| 21:45 | Create | Fishing Ship |
| 21:48 | Create | Villager (Male) |
| 21:59 | Build | Farm |
| 22:02 | Build | Farm |
| 22:02 | Build | Farm |
| 22:03 | Create | Villager (Male) |
| 22:03 | Create | Villager (Male) |
| 22:16 | Create | Villager (Male) |
| 22:17 | Create | Villager (Male) |
| 22:25 | Create | Villager (Male) |
| 22:27 | Create | Fishing Ship |
| 22:27 | Create | Fishing Ship |
| 22:48 | Create | Villager (Male) |
| 22:51 | Create | Fishing Ship |
| 22:51 | Create | Fishing Ship |
| 22:54 | Build | Farm |
| 22:56 | Create | Villager (Male) |
| 23:00 | Create | Villager (Male) |
| 23:00 | Create | Villager (Male) |
| 23:16 | Create | Unit 2626 |
| 23:16 | Create | Unit 2626 |
| 23:29 | Create | Villager (Male) |
| 23:30 | Create | Villager (Male) |
| 23:41 | Build | Farm |
| 23:44 | Build | Farm |
| 23:45 | Build | Farm |
| 23:46 | Build | Farm |
| 23:50 | Create | Villager (Male) |
| 23:51 | Create | Villager (Male) |
| 23:52 | Create | Villager (Male) |
| 23:55 | Research | Horse Collar |
| 23:58 | Build | Lumber Camp |
| 24:02 | Create | Villager (Male) |
| 24:07 | Create | Unit 2626 |
| 24:08 | Create | Unit 2626 |
| 24:10 | Create | Villager (Male) |
| 24:10 | Create | Villager (Male) |
| 24:21 | Create | Villager (Male) |
| 24:25 | Create | Villager (Male) |
| 24:30 | Build | Farm |
| 24:31 | Build | Farm |
| 24:34 | Build | Farm |
| 24:34 | Build | Farm |
| 24:51 | Create | Unit 2626 |
| 24:51 | Create | Unit 2626 |
| 25:04 | Create | Unit 2626 |
| 25:04 | Create | Unit 2626 |
| 25:05 | Create | Villager (Male) |
| 25:05 | Create | Villager (Male) |
| 25:06 | Create | Villager (Male) |
| 25:06 | Create | Villager (Male) |
| 25:10 | Create | Villager (Male) |
| 25:10 | Create | Villager (Male) |
| 25:20 | Build | Farm |
| 25:21 | Build | Farm |
| 25:21 | Build | Farm |
| 25:31 | Build | Farm |
| 25:32 | Build | Farm |
| 25:41 | Create | Villager (Male) |
| 25:43 | Create | Unit 2626 |
| 25:44 | Create | Unit 2626 |
| 25:53 | Create | Villager (Male) |
| 26:01 | Create | Villager (Male) |
| 26:01 | Create | Villager (Male) |
| 26:06 | Build | Farm |
Build order — Valen
First 150 of 723 actions detected
| 0:44 | Build | Town Center |
| 1:03 | Build | Dock |
| 1:44 | Build | Palisade Wall |
| 1:45 | Build | Palisade Wall |
| 2:49 | Create | Villager (Male) |
| 2:49 | Create | Villager (Male) |
| 2:49 | Create | Villager (Male) |
| 2:50 | Create | Villager (Male) |
| 2:50 | Create | Villager (Male) |
| 2:58 | Build | House |
| 3:23 | Create | Villager (Male) |
| 3:23 | Create | Villager (Male) |
| 3:40 | Build | House |
| 3:50 | Build | House |
| 4:25 | Create | Villager (Male) |
| 4:26 | Create | Villager (Male) |
| 4:32 | Build | House |
| 5:11 | Create | Villager (Male) |
| 5:11 | Create | Villager (Male) |
| 5:16 | Create | Fishing Ship |
| 5:37 | Create | Villager (Male) |
| 5:37 | Create | Villager (Male) |
| 6:04 | Create | Villager (Male) |
| 6:04 | Create | Villager (Male) |
| 6:17 | Create | Fishing Ship |
| 6:33 | Create | Villager (Male) |
| 6:33 | Create | Villager (Male) |
| 6:37 | Build | House |
| 6:53 | Create | Villager (Male) |
| 7:22 | Create | Fishing Ship |
| 7:28 | Create | Villager (Male) |
| 7:34 | Create | Fishing Ship |
| 7:42 | Create | Villager (Male) |
| 8:01 | Build | House |
| 8:14 | Create | Villager (Male) |
| 8:30 | Build | House |
| 8:38 | Create | Fishing Ship |
| 8:50 | Create | Villager (Male) |
| 9:21 | Create | Villager (Male) |
| 9:32 | Create | Fishing Ship |
| 9:40 | Create | Villager (Male) |
| 10:02 | Create | Villager (Male) |
| 10:08 | Build | House |
| 10:24 | Create | Villager (Male) |
| 10:26 | Research | Loom |
| 10:29 | Build | Mining Camp |
| 10:32 | Build | House |
| 10:43 | Create | Fishing Ship |
| 10:44 | Build | House |
| 11:05 | Research | Feudal Age |
| 11:05 | Research | Loom |
| 11:36 | Build | House |
| 11:47 | Build | House |
| 12:18 | Build | Outpost |
| 12:30 | Build | Barracks |
| 13:14 | Age | Feudal Age |
| 13:18 | Create | Villager (Male) |
| 13:31 | Build | Stable |
| 13:48 | Build | Outpost |
| 14:14 | Build | Mill |
| 14:17 | Create | Villager (Male) |
| 14:21 | Build | House |
| 14:41 | Create | Fishing Ship |
| 14:54 | Build | Market |
| 15:08 | Create | Villager (Male) |
| 15:38 | Build | House |
| 15:40 | Research | Castle Age |
| 16:14 | Build | Lumber Camp |
| 16:23 | Build | Outpost |
| 18:07 | Build | Blacksmith |
| 18:12 | Research | Double-Bit Axe |
| 18:20 | Age | Castle Age |
| 18:21 | Build | Stable |
| 18:25 | Build | Lumber Camp |
| 18:53 | Build | Siege Workshop |
| 18:56 | Create | Villager (Male) |
| 18:57 | Create | Villager (Male) |
| 19:18 | Build | Siege Workshop |
| 19:23 | Create | Knight |
| 19:23 | Create | Knight |
| 19:29 | Create | Scorpion |
| 19:31 | Create | Villager (Male) |
| 19:46 | Build | Stone Wall |
| 19:53 | Create | Scorpion ×2 |
| 19:54 | Create | Villager (Male) |
| 20:01 | Build | Outpost |
| 20:05 | Build | House |
| 20:19 | Create | Villager (Male) |
| 20:28 | Create | Villager (Male) |
| 21:00 | Build | Watch Tower |
| 21:08 | Build | Town Center |
| 21:19 | Create | Knight |
| 21:23 | Create | Villager (Male) |
| 21:30 | Create | Villager (Male) |
| 21:30 | Create | Villager (Male) |
| 21:45 | Create | Villager (Male) |
| 21:55 | Create | Villager (Male) |
| 22:00 | Create | Villager (Male) |
| 22:07 | Create | Villager (Male) |
| 22:11 | Create | Scorpion |
| 22:12 | Create | Villager (Male) |
| 22:34 | Create | Villager (Male) |
| 22:57 | Create | Villager (Male) |
| 23:00 | Create | Villager (Male) |
| 23:07 | Create | Villager (Male) |
| 23:19 | Create | Villager (Male) |
| 23:20 | Create | Villager (Male) |
| 23:23 | Create | Villager (Male) |
| 23:30 | Create | Villager (Male) |
| 23:38 | Create | Mangonel |
| 23:42 | Create | Villager (Male) |
| 23:45 | Create | Villager (Male) |
| 23:52 | Create | Villager (Male) |
| 23:56 | Create | Scorpion ×4 |
| 23:57 | Create | Villager (Male) |
| 24:17 | Research | Wheelbarrow |
| 24:20 | Build | House |
| 24:20 | Build | House |
| 24:23 | Build | House |
| 24:24 | Build | House |
| 24:35 | Build | Farm |
| 24:36 | Create | Villager (Male) |
| 24:37 | Create | Villager (Male) |
| 25:05 | Create | Mangonel |
| 25:30 | Build | House |
| 25:33 | Build | House |
| 25:35 | Build | Farm |
| 25:35 | Build | Farm |
| 25:35 | Build | Farm |
| 25:36 | Build | Farm |
| 25:36 | Build | Farm |
| 25:36 | Build | Farm |
| 25:54 | Create | Villager (Male) |
| 26:17 | Create | Knight |
| 26:17 | Create | Knight |
| 26:17 | Create | Scout Cavalry |
| 26:18 | Create | Villager (Male) |
| 26:19 | Create | Villager (Male) |
| 26:28 | Build | Mill |
| 26:38 | Build | Castle |
| 26:41 | Create | Villager (Male) |
| 26:48 | Create | Scorpion |
| 26:48 | Create | Scorpion |
| 27:00 | Build | Castle |
| 27:06 | Create | Villager (Male) |
| 27:07 | Create | Scorpion |
| 27:16 | Create | Villager (Male) |
| 27:16 | Create | Villager (Male) |
| 27:33 | Create | Villager (Male) |
| 27:34 | Create | Villager (Male) |
Build order — Glokken
First 150 of 562 actions detected
| 0:16 | Build | Town Center |
| 1:34 | Build | Dock |
| 1:35 | Build | House |
| 2:37 | Create | Villager (Male) ×4 |
| 4:07 | Create | Fishing Ship |
| 4:11 | Create | Villager (Male) |
| 4:16 | Research | Loom |
| 4:41 | Create | Villager (Male) |
| 5:02 | Build | House |
| 5:04 | Research | Loom |
| 5:14 | Create | Villager (Male) |
| 5:31 | Create | Fishing Ship |
| 5:39 | Build | Palisade Wall |
| 5:46 | Build | House |
| 5:53 | Create | Villager (Male) |
| 5:54 | Create | Villager (Male) |
| 6:17 | Create | Fishing Ship |
| 6:27 | Create | Villager (Male) |
| 6:27 | Create | Villager (Male) |
| 6:48 | Create | Villager (Male) |
| 6:56 | Create | Fishing Ship |
| 6:56 | Create | Fishing Ship |
| 7:20 | Create | Villager (Male) |
| 7:20 | Create | Villager (Male) |
| 7:20 | Create | Villager (Male) |
| 7:23 | Build | House |
| 7:55 | Build | Mining Camp |
| 8:08 | Create | Villager (Male) |
| 8:08 | Create | Villager (Male) |
| 8:28 | Create | Fishing Ship |
| 8:28 | Create | Fishing Ship |
| 8:30 | Create | Villager (Male) |
| 8:31 | Create | Villager (Male) |
| 9:07 | Create | Fishing Ship |
| 9:17 | Build | House |
| 9:35 | Create | Villager (Male) |
| 9:52 | Build | Mill |
| 9:54 | Build | Palisade Wall |
| 10:08 | Create | Villager (Male) |
| 10:19 | Create | Fishing Ship |
| 10:19 | Create | Fishing Ship |
| 10:42 | Research | Feudal Age |
| 10:42 | Research | Feudal Age |
| 11:16 | Create | Villager (Male) |
| 11:16 | Create | Villager (Male) |
| 12:52 | Age | Feudal Age |
| 12:53 | Build | Market |
| 12:56 | Build | Blacksmith |
| 13:42 | Research | Castle Age |
| 13:42 | Research | Castle Age |
| 14:02 | Build | House |
| 14:11 | Build | Lumber Camp |
| 14:16 | Build | House |
| 14:33 | Build | Palisade Wall |
| 14:57 | Create | Villager (Male) |
| 15:17 | Research | Double-Bit Axe |
| 15:17 | Research | Double-Bit Axe |
| 15:20 | Research | Tech 906 |
| 15:30 | Build | Outpost |
| 15:41 | Build | Outpost |
| 15:53 | Build | House |
| 16:22 | Age | Castle Age |
| 16:24 | Build | Castle |
| 16:28 | Research | Bow Saw |
| 16:29 | Create | Villager (Male) |
| 16:36 | Build | Palisade Wall |
| 16:45 | Build | House |
| 16:48 | Create | Villager (Male) |
| 17:00 | Create | Villager (Male) |
| 17:05 | Build | Town Center |
| 17:10 | Build | Town Center |
| 17:25 | Create | Gbeto |
| 17:36 | Create | Villager (Male) |
| 17:43 | Create | Gbeto |
| 17:48 | Create | Gbeto |
| 18:01 | Create | Villager (Male) |
| 18:02 | Create | Gbeto |
| 18:03 | Create | Villager (Male) |
| 18:13 | Create | Villager (Male) |
| 18:22 | Create | Gbeto |
| 18:50 | Create | Villager (Male) |
| 18:58 | Create | Villager (Male) |
| 19:41 | Build | Outpost |
| 19:45 | Build | Farm |
| 19:50 | Build | Farm |
| 19:51 | Build | Farm |
| 19:51 | Create | Villager (Male) |
| 19:53 | Build | Farm |
| 19:55 | Build | Farm |
| 19:58 | Build | Farm |
| 19:59 | Build | Farm |
| 20:02 | Research | Horse Collar |
| 20:05 | Build | House |
| 20:19 | Build | Siege Workshop |
| 20:54 | Create | Villager (Male) |
| 20:58 | Create | Mangonel |
| 21:28 | Create | Villager (Male) |
| 21:58 | Create | Mangonel |
| 22:00 | Create | Villager (Male) |
| 22:15 | Create | Villager (Male) |
| 22:31 | Create | Villager (Male) |
| 22:39 | Create | Villager (Male) |
| 23:00 | Create | Mangonel |
| 23:05 | Create | Villager (Male) |
| 23:35 | Create | Villager (Male) |
| 23:42 | Build | Lumber Camp |
| 24:03 | Build | Town Center |
| 25:00 | Build | Mining Camp |
| 25:01 | Create | Villager (Male) |
| 25:01 | Create | Villager (Male) |
| 25:27 | Research | Town Watch |
| 25:36 | Create | Villager (Male) |
| 25:55 | Create | Villager (Male) |
| 26:08 | Build | Outpost |
| 26:14 | Build | Stone Wall |
| 26:16 | Create | Villager (Male) |
| 26:28 | Create | Fishing Ship |
| 26:29 | Create | Fishing Ship |
| 26:59 | Build | Town Center |
| 27:01 | Create | Villager (Male) |
| 27:08 | Create | Villager (Male) |
| 27:36 | Build | Town Center |
| 27:39 | Build | Farm |
| 27:47 | Build | Mill |
| 28:01 | Create | Villager (Male) |
| 28:10 | Research | Wheelbarrow |
| 28:15 | Build | Farm |
| 28:16 | Build | Farm |
| 28:33 | Create | Villager (Male) |
| 28:43 | Create | Villager (Male) |
| 28:43 | Create | Villager (Male) |
| 28:56 | Build | Farm |
| 28:57 | Build | Farm |
| 28:58 | Build | Farm |
| 28:59 | Build | Farm |
| 29:01 | Create | Villager (Male) |
| 29:01 | Create | Villager (Male) |
| 29:08 | Create | Fishing Ship |
| 29:09 | Create | Fishing Ship |
| 29:18 | Create | Villager (Male) |
| 29:28 | Create | Villager (Male) |
| 29:46 | Create | Villager (Male) |
| 29:53 | Create | Villager (Male) |
| 30:01 | Create | Villager (Male) |
| 30:02 | Build | Farm |
| 30:03 | Build | Farm |
| 30:04 | Build | Farm |
| 30:05 | Build | Farm |
| 30:14 | Create | Villager (Male) |
| 30:14 | Create | Villager (Male) |
Build order — Virtus | el castigador
First 150 of 448 actions detected
| 0:33 | Build | Town Center |
| 1:39 | Build | Dock |
| 1:43 | Build | House |
| 2:46 | Create | Villager (Male) |
| 2:46 | Create | Villager (Male) |
| 2:46 | Create | Villager (Male) |
| 2:46 | Create | Villager (Male) |
| 2:47 | Create | Villager (Male) |
| 2:59 | Research | Loom |
| 4:07 | Create | Fishing Ship |
| 4:08 | Create | Fishing Ship |
| 4:37 | Build | House |
| 4:44 | Create | Villager (Male) |
| 4:44 | Create | Villager (Male) |
| 4:58 | Build | House |
| 5:31 | Create | Villager (Male) |
| 5:31 | Create | Villager (Male) |
| 5:48 | Create | Fishing Ship |
| 6:03 | Create | Villager (Male) |
| 6:03 | Create | Villager (Male) |
| 6:28 | Create | Villager (Male) |
| 6:28 | Create | Villager (Male) |
| 6:39 | Build | House |
| 6:51 | Create | Villager (Male) |
| 6:56 | Build | House |
| 7:10 | Build | Palisade Gate |
| 7:28 | Create | Villager (Male) |
| 7:29 | Create | Villager (Male) |
| 7:29 | Create | Villager (Male) |
| 7:31 | Create | Fishing Ship |
| 8:04 | Create | Villager (Male) |
| 8:04 | Create | Villager (Male) |
| 8:22 | Build | House |
| 8:48 | Create | Villager (Male) |
| 8:48 | Create | Villager (Male) |
| 8:48 | Create | Villager (Male) |
| 9:11 | Create | Villager (Male) |
| 9:11 | Create | Villager (Male) |
| 9:15 | Create | Fishing Ship |
| 9:25 | Build | Palisade Wall |
| 9:27 | Build | Palisade Wall |
| 9:36 | Create | Villager (Male) |
| 9:36 | Create | Villager (Male) |
| 9:36 | Create | Villager (Male) |
| 9:36 | Create | Villager (Male) |
| 10:09 | Build | Mill |
| 10:19 | Build | House |
| 10:31 | Create | Villager (Male) |
| 11:13 | Research | Feudal Age |
| 11:13 | Research | Feudal Age |
| 11:24 | Build | Mining Camp |
| 11:59 | Build | Palisade Wall |
| 12:02 | Build | Palisade Wall |
| 12:44 | Build | Palisade Wall |
| 12:45 | Build | Palisade Wall |
| 12:46 | Build | Palisade Wall |
| 13:28 | Age | Feudal Age |
| 13:30 | Create | Villager (Male) |
| 13:36 | Build | Lumber Camp |
| 13:37 | Research | Tech 1014 |
| 13:40 | Research | Town Watch |
| 13:41 | Create | Villager (Male) |
| 13:52 | Build | Outpost |
| 14:00 | Create | Villager (Male) |
| 14:08 | Build | Outpost |
| 14:12 | Build | House |
| 14:13 | Build | House |
| 14:16 | Research | Double-Bit Axe |
| 14:21 | Create | Villager (Male) |
| 14:29 | Build | Outpost |
| 14:34 | Create | Villager (Male) |
| 14:40 | Build | Pasture |
| 14:55 | Build | Watch Tower |
| 15:01 | Create | Villager (Male) |
| 15:15 | Build | Outpost |
| 15:33 | Build | Palisade Wall |
| 15:57 | Create | Villager (Male) |
| 16:04 | Research | Wheelbarrow |
| 16:05 | Create | Villager (Male) |
| 16:05 | Create | Villager (Male) |
| 16:08 | Build | Outpost |
| 16:17 | Build | Pasture |
| 16:19 | Create | Villager (Male) |
| 16:30 | Build | Watch Tower |
| 16:46 | Create | Villager (Male) |
| 16:51 | Build | Outpost |
| 16:54 | Create | Villager (Male) |
| 17:03 | Build | Watch Tower |
| 17:07 | Build | Lumber Camp |
| 17:07 | Create | Villager (Male) |
| 17:13 | Build | Palisade Wall |
| 17:14 | Build | Palisade Wall |
| 17:15 | Build | Palisade Wall |
| 17:16 | Build | Palisade Wall |
| 17:27 | Build | Palisade Wall |
| 17:32 | Create | Villager (Male) |
| 17:42 | Create | Villager (Male) |
| 17:50 | Build | House |
| 18:15 | Create | Villager (Male) |
| 18:32 | Create | Villager (Male) |
| 18:35 | Create | Villager (Male) |
| 19:01 | Create | Villager (Male) |
| 19:27 | Create | Villager (Male) |
| 21:44 | Build | Palisade Wall |
| 22:13 | Build | Palisade Wall |
| 22:14 | Build | Palisade Wall |
| 22:28 | Build | Town Center |
| 22:41 | Build | Palisade Wall |
| 23:35 | Create | Villager (Male) |
| 23:36 | Create | Villager (Male) |
| 23:36 | Create | Villager (Male) |
| 23:36 | Create | Villager (Male) |
| 23:42 | Build | Outpost |
| 23:53 | Build | Outpost |
| 24:02 | Create | Villager (Male) |
| 24:13 | Build | Outpost |
| 24:24 | Build | Outpost |
| 24:48 | Create | Fishing Ship |
| 24:50 | Create | Fishing Ship |
| 24:51 | Create | Fishing Ship |
| 24:53 | Create | Villager (Male) |
| 24:57 | Build | Outpost |
| 25:01 | Build | House |
| 25:02 | Build | House |
| 25:21 | Create | Villager (Male) |
| 25:37 | Create | Villager (Male) |
| 25:39 | Build | Outpost |
| 25:50 | Build | Market |
| 26:17 | Build | House |
| 26:19 | Build | House |
| 26:37 | Create | Villager (Male) |
| 26:43 | Build | Mill |
| 26:59 | Create | Villager (Male) |
| 27:07 | Build | Barracks |
| 27:16 | Build | Blacksmith |
| 27:37 | Create | Villager (Male) |
| 27:56 | Create | Villager (Male) |
| 28:17 | Research | Castle Age |
| 28:18 | Research | Castle Age |
| 28:27 | Build | Pasture |
| 28:45 | Build | Pasture |
| 29:12 | Build | Pasture |
| 29:34 | Create | Villager (Male) |
| 29:43 | Build | Stable |
| 29:53 | Build | Pasture |
| 29:56 | Research | Forging |
| 30:27 | Build | Stable |
| 30:53 | Build | Mining Camp |
| 30:57 | Age | Castle Age |
| 31:00 | Build | House |
Build order — [CL] Yomi
First 150 of 784 actions detected
| 0:28 | Build | Town Center |
| 0:45 | Build | Dock |
| 0:46 | Build | House |
| 2:44 | Create | Villager (Male) |
| 2:44 | Create | Villager (Male) |
| 2:45 | Create | Villager (Male) |
| 2:45 | Create | Villager (Male) |
| 3:56 | Create | Fishing Ship |
| 4:07 | Build | Palisade Wall |
| 4:17 | Build | Palisade Wall |
| 4:20 | Create | Villager (Male) |
| 4:26 | Build | Palisade Wall |
| 4:42 | Build | House |
| 4:47 | Research | Loom |
| 5:12 | Create | Villager (Male) |
| 5:33 | Create | Villager (Male) |
| 5:42 | Create | Fishing Ship |
| 5:59 | Create | Villager (Male) |
| 6:03 | Build | House |
| 6:25 | Build | Palisade Wall |
| 6:27 | Build | Palisade Wall |
| 6:31 | Create | Villager (Male) |
| 6:58 | Create | Fishing Ship |
| 7:02 | Create | Villager (Male) |
| 7:26 | Create | Fishing Ship |
| 7:27 | Create | Villager (Male) |
| 7:30 | Build | Palisade Wall |
| 7:42 | Create | Villager (Male) |
| 7:57 | Create | Villager (Male) |
| 8:21 | Build | House |
| 8:23 | Build | House |
| 8:42 | Create | Villager (Male) |
| 8:48 | Build | House |
| 9:10 | Create | Villager (Male) |
| 9:12 | Build | Mill |
| 9:22 | Create | Fishing Ship |
| 9:29 | Build | Palisade Wall |
| 9:32 | Create | Villager (Male) |
| 9:38 | Build | Palisade Wall |
| 9:46 | Build | Palisade Wall |
| 9:50 | Create | Villager (Male) |
| 9:58 | Build | Palisade Wall |
| 10:04 | Build | Palisade Wall |
| 10:06 | Create | Villager (Male) |
| 10:08 | Build | Palisade Wall |
| 10:25 | Create | Villager (Male) |
| 10:34 | Create | Fishing Ship |
| 10:36 | Build | House |
| 11:15 | Research | Feudal Age |
| 11:34 | Build | Mining Camp |
| 13:22 | Create | Villager (Male) |
| 13:30 | Age | Feudal Age |
| 13:36 | Build | Market |
| 13:42 | Build | Blacksmith |
| 13:51 | Create | Villager (Male) |
| 14:24 | Research | Castle Age |
| 14:43 | Build | Lumber Camp |
| 14:47 | Build | Lumber Camp |
| 15:43 | Build | Dock |
| 16:28 | Create | Villager (Male) |
| 16:34 | Research | Double-Bit Axe |
| 16:37 | Research | Horse Collar |
| 16:40 | Research | Gold Mining |
| 17:03 | Age | Castle Age |
| 17:14 | Build | Siege Workshop |
| 17:17 | Build | House |
| 17:21 | Create | Villager (Male) |
| 17:23 | Build | House |
| 17:29 | Research | Bow Saw |
| 17:51 | Research | Tech 906 |
| 17:52 | Create | Fishing Ship |
| 17:54 | Create | Villager (Male) |
| 18:08 | Create | Mangonel |
| 18:12 | Create | Villager (Male) |
| 18:21 | Build | Monastery |
| 18:24 | Create | Villager (Male) |
| 18:36 | Build | House |
| 18:37 | Build | House |
| 18:55 | Create | Villager (Male) |
| 18:57 | Create | Mangonel |
| 19:17 | Create | Fishing Ship |
| 19:20 | Create | Monk |
| 19:25 | Create | Villager (Male) |
| 19:40 | Research | Gillnets |
| 19:42 | Create | Villager (Male) |
| 19:55 | Create | Mangonel |
| 20:26 | Create | Villager (Male) |
| 20:29 | Create | Monk |
| 20:52 | Create | Villager (Male) |
| 20:55 | Create | Mangonel |
| 21:01 | Build | Town Center |
| 21:03 | Create | Villager (Male) |
| 21:10 | Create | Villager (Male) |
| 21:13 | Create | Monk |
| 21:41 | Build | House |
| 21:45 | Build | House |
| 21:45 | Build | House |
| 21:53 | Create | Villager (Male) |
| 21:53 | Research | Wheelbarrow |
| 21:58 | Research | Town Watch |
| 22:05 | Research | Stone Mining |
| 22:09 | Create | Villager (Male) |
| 22:18 | Build | Town Center |
| 22:39 | Create | Mangonel |
| 22:40 | Create | Villager (Male) |
| 22:41 | Create | Villager (Male) |
| 22:52 | Create | Monk |
| 23:08 | Create | Villager (Male) |
| 23:14 | Build | Town Center |
| 23:19 | Create | Villager (Male) |
| 23:36 | Create | Fishing Ship |
| 23:36 | Create | Fishing Ship |
| 23:38 | Create | Villager (Male) |
| 23:57 | Create | Villager (Male) |
| 24:03 | Build | Farm |
| 24:03 | Build | Farm |
| 24:04 | Build | Farm |
| 24:06 | Research | Heavy Plow |
| 24:11 | Create | Villager (Male) |
| 24:15 | Create | Villager (Male) |
| 24:25 | Research | Sanctity |
| 24:26 | Create | Villager (Male) |
| 24:34 | Build | House |
| 24:39 | Create | Villager (Male) |
| 24:42 | Research | War Galley (upgrade) |
| 24:42 | Research | War Galley (upgrade) |
| 24:50 | Create | Villager (Male) |
| 24:53 | Create | Unit 2626 |
| 24:53 | Create | Unit 2626 |
| 24:53 | Create | Unit 2626 |
| 25:00 | Create | Villager (Male) |
| 25:12 | Create | Villager (Male) |
| 25:18 | Create | Villager (Male) |
| 25:34 | Create | Villager (Male) |
| 25:38 | Create | Unit 2626 |
| 25:39 | Create | Unit 2626 |
| 25:50 | Create | Villager (Male) |
| 25:53 | Build | Farm |
| 25:53 | Build | Farm |
| 25:53 | Build | Farm |
| 25:53 | Build | Farm |
| 25:54 | Build | Farm |
| 25:54 | Build | Farm |
| 25:54 | Build | Farm |
| 25:55 | Create | Villager (Male) |
| 25:56 | Create | Villager (Male) |
| 25:56 | Create | Villager (Male) |
| 26:01 | Create | Villager (Male) |
| 26:20 | Create | Villager (Male) |
| 26:41 | Create | Fishing Ship |
Match timeline
| 0:26 | [TNT] A22 · first_building Dock |
| 0:29 | Felipondio_2k · wall_segment Palisade Wall x1 |
| 0:33 | Felipondio_2k · wall_segment Palisade Wall x1 |
| 0:37 | Felipondio_2k · wall_segment Palisade Wall x1 |
| 0:37 | Felipondio_2k · wall_segment Palisade Wall x1 |
| 0:45 | [CL] Yomi · first_building Dock |
| 1:03 | Valen · first_building Dock |
| 1:34 | Glokken · first_building Dock |
| 1:39 | Virtus | el castigador · first_building Dock |
| 1:40 | Felipondio_2k · first_building Dock |
| 1:44 | Valen · wall_segment Palisade Wall x1 |
| 1:45 | Valen · wall_segment Palisade Wall x1 |
| 2:22 | 弩伯曲肯 · first_building Dock |
| 2:47 | [TNT] A22 · wall_segment Palisade Wall x1 |
| 2:49 | [TNT] A22 · wall_segment Palisade Wall x1 |
| 4:07 | [CL] Yomi · wall_segment Palisade Wall x1 |
| 4:17 | [CL] Yomi · wall_segment Palisade Wall x1 |
| 4:26 | [CL] Yomi · wall_segment Palisade Wall x1 |
| 4:51 | Maho · first_building Dock |
| 5:39 | Glokken · wall_segment Palisade Wall x1 |
| 6:25 | [CL] Yomi · wall_segment Palisade Wall x1 |
| 6:27 | [CL] Yomi · wall_segment Palisade Wall x1 |
| 6:34 | [TNT] A22 · wall_segment Palisade Wall x1 |
| 7:30 | [CL] Yomi · wall_segment Palisade Wall x1 |
| 9:25 | Virtus | el castigador · wall_segment Palisade Wall x1 |
| 9:27 | Virtus | el castigador · wall_segment Palisade Wall x1 |
| 9:29 | [CL] Yomi · wall_segment Palisade Wall x1 |
| 9:38 | [CL] Yomi · wall_segment Palisade Wall x1 |
| 9:46 | [CL] Yomi · wall_segment Palisade Wall x1 |
| 9:48 | 弩伯曲肯 · wall_segment Palisade Wall x7 |
| 9:50 | 弩伯曲肯 · wall_segment Palisade Wall x7 |
| 9:54 | Glokken · wall_segment Palisade Wall x1 |
| 9:58 | [CL] Yomi · wall_segment Palisade Wall x1 |
| 10:03 | 弩伯曲肯 · wall_segment Palisade Wall x9 |
| 10:04 | 弩伯曲肯 · wall_segment Palisade Wall x1 |
| 10:04 | [CL] Yomi · wall_segment Palisade Wall x1 |
| 10:04 | 弩伯曲肯 · wall_segment Palisade Wall x1 |
| 10:08 | [CL] Yomi · wall_segment Palisade Wall x1 |
| 10:32 | 弩伯曲肯 · wall_segment Palisade Wall x1 |
| 11:59 | Virtus | el castigador · wall_segment Palisade Wall x2 |
| 12:02 | Virtus | el castigador · wall_segment Palisade Wall x5 |
| 12:30 | Valen · first_building Barracks |
| 12:40 | 弩伯曲肯 · wall_segment Palisade Wall x6 |
| 12:42 | Felipondio_2k · age_up feudal |
| 12:44 | Virtus | el castigador · wall_segment Palisade Wall x1 |
| 12:45 | Virtus | el castigador · wall_segment Palisade Wall x1 |
| 12:46 | Virtus | el castigador · wall_segment Palisade Wall x1 |
| 12:52 | Glokken · age_up feudal |
| 13:03 | Maho · age_up feudal |
| 13:14 | Valen · age_up feudal |
| 13:28 | Virtus | el castigador · age_up feudal |
| 13:30 | [CL] Yomi · age_up feudal |
| 13:31 | Valen · first_building Stable |
| 14:04 | [TNT] A22 · age_up feudal |
| 14:11 | 弩伯曲肯 · age_up feudal |
| 14:33 | Glokken · wall_segment Palisade Wall x1 |
| 14:34 | Maho · first_building Barracks |
| 14:37 | [TNT] A22 · wall_segment Palisade Wall x1 |
| 15:11 | [TNT] A22 · wall_segment Palisade Wall x14 |
| 15:12 | [TNT] A22 · wall_segment Palisade Wall x1 |
| 15:14 | [TNT] A22 · wall_segment Palisade Wall x1 |
| 15:23 | Maho · first_building Archery Range |
| 15:33 | Virtus | el castigador · wall_segment Palisade Wall x1 |
| 15:53 | [TNT] A22 · wall_segment Palisade Wall x8 |
| 16:18 | [TNT] A22 · wall_segment Palisade Wall x1 |
| 16:22 | Glokken · age_up castle |
| 16:24 | Glokken · first_building Castle |
| 16:36 | Glokken · wall_segment Palisade Wall x1 |
| 16:45 | [TNT] A22 · wall_segment Stone Wall x1 |
| 16:52 | [TNT] A22 · wall_segment Stone Wall x4 |
| 17:03 | [CL] Yomi · age_up castle |
| 17:11 | [CL] Yomi · first_market_buy 100 wood |
| 17:13 | Virtus | el castigador · wall_segment Palisade Wall x1 |
| 17:14 | Virtus | el castigador · wall_segment Palisade Wall x1 |
| 17:14 | [CL] Yomi · first_building Siege Workshop |
| 17:15 | Virtus | el castigador · wall_segment Palisade Wall x1 |
| 17:16 | Virtus | el castigador · wall_segment Palisade Wall x1 |
| 17:24 | Maho · age_up castle |
| 17:27 | Virtus | el castigador · wall_segment Palisade Wall x1 |
| 17:45 | [TNT] A22 · first_market_sell 100 food |
| 17:46 | [TNT] A22 · first_market_buy 100 wood |
| 17:47 | 弩伯曲肯 · age_up castle |
| 18:02 | [TNT] A22 · age_up castle |
| 18:03 | [CL] Yomi · first_market_sell 100 food |
| 18:20 | Valen · age_up castle |
| 18:21 | [CL] Yomi · first_building Monastery |
| 18:25 | 弩伯曲肯 · first_building Castle |
| 18:50 | 弩伯曲肯 · first_market_buy 100 food |
| 18:53 | [TNT] A22 · first_building Castle |
| 18:53 | Valen · first_building Siege Workshop |
| 19:46 | Valen · wall_segment Stone Wall x8 |
| 20:01 | Glokken · first_market_buy 100 food |
| 20:19 | Glokken · first_building Siege Workshop |
| 21:10 | 弩伯曲肯 · first_building Siege Workshop |
| 21:37 | Glokken · first_market_sell 100 stone |
| 21:44 | Virtus | el castigador · wall_segment Palisade Wall x5 |
| 22:08 | 弩伯曲肯 · first_market_sell 100 wood |
| 22:08 | [TNT] A22 · first_building Barracks |
| 22:13 | Virtus | el castigador · wall_segment Palisade Wall x1 |
| 22:14 | Virtus | el castigador · wall_segment Palisade Wall x1 |
| 22:41 | Virtus | el castigador · wall_segment Palisade Wall x1 |
| 22:56 | 弩伯曲肯 · wall_segment Palisade Wall x1 |
| 23:01 | Felipondio_2k · age_up castle |
| 23:03 | 弩伯曲肯 · wall_segment Palisade Wall x1 |
| 23:05 | 弩伯曲肯 · wall_segment Palisade Wall x1 |
| 23:12 | 弩伯曲肯 · wall_segment Palisade Wall x1 |
| 23:17 | 弩伯曲肯 · wall_segment Palisade Wall x1 |
| 23:29 | 弩伯曲肯 · wall_segment Palisade Wall x1 |
| 23:32 | [TNT] A22 · first_building Stable |
| 23:33 | 弩伯曲肯 · wall_segment Palisade Wall x1 |
| 25:08 | Felipondio_2k · first_market_buy 100 stone |
| 26:14 | Glokken · wall_segment Stone Wall x4 |
| 26:38 | Valen · first_building Castle |
| 27:06 | 弩伯曲肯 · first_building Monastery |
| 27:07 | Virtus | el castigador · first_building Barracks |
| 28:02 | Virtus | el castigador · first_market_sell 100 stone |
| 28:03 | Virtus | el castigador · first_market_buy 100 food |
| 28:15 | Maho · first_building Monastery |
| 29:43 | Virtus | el castigador · first_building Stable |
| 30:12 | [CL] Yomi · first_building Castle |
| 30:26 | Felipondio_2k · first_building Castle |
| 30:47 | Valen · first_building Monastery |
| 30:52 | Felipondio_2k · first_building Monastery |
| 30:57 | Virtus | el castigador · age_up castle |
| 32:01 | Glokken · first_building Monastery |
| 32:30 | Maho · age_up imperial |
| 34:23 | Maho · first_building Stable |
| 34:41 | [CL] Yomi · first_building Barracks |
| 34:47 | Felipondio_2k · first_market_sell 500 wood |
| 35:02 | Maho · first_building Castle |
| 35:38 | Valen · first_market_sell 100 wood |
| 35:39 | Felipondio_2k · wall_segment Stone Wall x1 |
| 35:41 | Felipondio_2k · wall_segment Stone Wall x1 |
| 35:42 | Felipondio_2k · wall_segment Stone Wall x1 |
| 35:44 | Felipondio_2k · wall_segment Stone Wall x5 |
| 36:19 | Valen · wall_segment Stone Wall x9 |
| 36:20 | Maho · first_market_buy 100 food |
| 36:33 | Felipondio_2k · first_building Barracks |
| 36:43 | Glokken · first_building Barracks |
| 36:47 | [CL] Yomi · age_up imperial |
| 37:08 | Felipondio_2k · first_building Stable |
| 37:30 | [TNT] A22 · age_up imperial |
| 38:06 | Felipondio_2k · age_up imperial |
| 38:20 | 弩伯曲肯 · wall_segment Stone Wall x1 |
| 38:32 | [TNT] A22 · wall_segment Stone Wall x1 |
| 38:34 | [TNT] A22 · wall_segment Stone Wall x1 |
| 38:38 | [TNT] A22 · wall_segment Stone Wall x1 |
| 38:39 | [TNT] A22 · wall_segment Stone Wall x1 |
| 38:44 | 弩伯曲肯 · wall_segment Stone Wall x6 |
| 38:51 | Valen · age_up imperial |
| 38:51 | 弩伯曲肯 · wall_segment Stone Wall x1 |
| 38:52 | 弩伯曲肯 · wall_segment Stone Wall x1 |
| 38:55 | 弩伯曲肯 · wall_segment Stone Wall x1 |
| 39:15 | Glokken · age_up imperial |
| 39:29 | Virtus | el castigador · wall_segment Stone Wall x1 |
| 40:08 | 弩伯曲肯 · first_building Barracks |
| 41:14 | 弩伯曲肯 · first_building Stable |
| 42:33 | Virtus | el castigador · first_building Monastery |
| 42:35 | Virtus | el castigador · first_building Archery Range |
| 43:07 | Valen · wall_segment Stone Wall x1 |
| 43:09 | Valen · wall_segment Stone Wall x1 |
| 43:36 | [CL] Yomi · wall_segment Palisade Wall x1 |
| 43:54 | Valen · wall_segment Stone Wall x12 |
| 43:56 | 弩伯曲肯 · age_up imperial |
| 44:15 | 弩伯曲肯 · wall_segment Stone Wall x1 |
| 46:40 | Virtus | el castigador · age_up imperial |
| 47:01 | Virtus | el castigador · first_building Castle |
| 48:41 | Felipondio_2k · tribute_sent a jugador 1 |
| 48:41 | Felipondio_2k · tribute_sent a jugador 3 |
| 48:41 | Felipondio_2k · tribute_sent a jugador 4 |
| 48:41 | Felipondio_2k · tribute_sent a jugador 5 |
| 48:41 | Felipondio_2k · tribute_sent a jugador 6 |
| 48:41 | Felipondio_2k · tribute_sent a jugador 7 |
| 48:41 | Felipondio_2k · tribute_sent a jugador 8 |
| 48:45 | Glokken · first_building Stable |
| 50:46 | [CL] Yomi · wall_segment Palisade Wall x1 |
| 50:49 | [CL] Yomi · wall_segment Palisade Wall x1 |
| 56:49 | Glokken · tribute_sent a jugador 1 |
| 56:49 | Glokken · tribute_sent a jugador 2 |
| 56:49 | Glokken · tribute_sent a jugador 3 |
| 56:49 | Glokken · tribute_sent a jugador 4 |
| 56:49 | Glokken · tribute_sent a jugador 6 |
| 56:49 | Glokken · tribute_sent a jugador 7 |
| 56:49 | Glokken · tribute_sent a jugador 8 |
| 57:14 | Valen · tribute_sent a jugador 1 |
| 57:14 | Valen · tribute_sent a jugador 2 |
| 57:14 | Valen · tribute_sent a jugador 3 |
| 57:14 | Valen · tribute_sent a jugador 5 |
| 57:14 | Valen · tribute_sent a jugador 6 |
| 57:14 | Valen · tribute_sent a jugador 7 |
| 57:14 | Valen · tribute_sent a jugador 8 |
| 57:32 | Valen · tribute_sent a jugador 1 |
| 57:32 | Valen · tribute_sent a jugador 2 |
| 57:32 | Valen · tribute_sent a jugador 3 |
| 57:32 | Valen · tribute_sent a jugador 5 |
| 57:32 | Valen · tribute_sent a jugador 6 |
| 57:32 | Valen · tribute_sent a jugador 7 |
| 57:32 | Valen · tribute_sent a jugador 8 |
| 57:33 | Felipondio_2k · tribute_sent a jugador 1 |
| 57:33 | Felipondio_2k · tribute_sent a jugador 3 |
| 57:33 | Felipondio_2k · tribute_sent a jugador 4 |
| 57:33 | Felipondio_2k · tribute_sent a jugador 5 |
| 57:33 | Felipondio_2k · tribute_sent a jugador 6 |
| 57:33 | Felipondio_2k · tribute_sent a jugador 7 |
| 57:33 | Felipondio_2k · tribute_sent a jugador 8 |
| 58:40 | [CL] Yomi · wall_segment Stone Wall x13 |
| 58:43 | [CL] Yomi · wall_segment Stone Wall x10 |
| 58:53 | [CL] Yomi · first_building Stable |
| 59:11 | Maho · first_market_sell 500 food |
| 59:32 | [TNT] A22 · wall_segment Stone Wall x1 |
| 60:02 | Felipondio_2k · tribute_sent a jugador 1 |
| 60:02 | Felipondio_2k · tribute_sent a jugador 3 |
| 60:02 | Felipondio_2k · tribute_sent a jugador 4 |
| 60:02 | Felipondio_2k · tribute_sent a jugador 5 |
| 60:02 | Felipondio_2k · tribute_sent a jugador 6 |
| 60:02 | Felipondio_2k · tribute_sent a jugador 7 |
| 60:02 | Felipondio_2k · tribute_sent a jugador 8 |
| 60:30 | [CL] Yomi · wall_segment Stone Wall x4 |
| 60:31 | [CL] Yomi · wall_segment Stone Wall x3 |
| 60:35 | [CL] Yomi · wall_segment Stone Wall x4 |
| 62:13 | Felipondio_2k · wall_segment Stone Wall x1 |
| 62:15 | Felipondio_2k · wall_segment Stone Wall x1 |
| 62:17 | Felipondio_2k · wall_segment Stone Wall x1 |
| 62:18 | Felipondio_2k · wall_segment Stone Wall x1 |
| 62:21 | Maho · resign |
| 62:31 | Felipondio_2k · wall_segment Palisade Wall x1 |
[ AI ANALYSIS · 1 CREDIT ]
What really happened in this match?
Wolo.gg analyzes every decision: build order, eco, micro, common mistakes by bracket. Personalized analysis on WhatsApp or Discord in 30 seconds.
Civ guide
Turks
Perfil
Jugador #14715476